Map: Thunderbird LE

Players

Serral - Winner!

  • Race: Zerg Zerg
  • League: Master
  • Spawn Location: 5:00

Zest

  • Race: Protoss Protoss
  • League: Master
  • Spawn Location: 11:00

Event: HomeStory Cup XX

VOD

Have the link to the VOD?

Description

Time

  • Played on: Nov. 24, 2019, 1:15 p.m.
  • Length: 29:25

All games in this series

Show
View Real Time Build Order
Export as new Build Order

Serral Zerg - Winner!

Build Orders: Hatch First, Lurkers 

Get SALT Encoding   

  12  0:00  Drone  
  13  0:12  Overlord  
  13  0:18  Drone  
  14  0:31  Drone x2  
  16  0:48  Hatchery  
  15  0:51  Drone  
  15  0:54  Drone  
  17  0:57  Drone  
  18  1:08  Extractor  
  17  1:13  Spawning Pool  
  17  1:16  Drone  
  17  1:20  Drone  
  18  1:28  Drone  
  20  1:40  Drone  
  20  1:48  Overlord  
  20  2:00  Queen x2  
  20  2:01  Zergling x4  
  26  2:10  Metabolic Boost  
  26  2:11  Drone  
  26  2:13  Drone  
  28  2:21  Drone x2  
  30  2:36  Hatchery  
  29  2:39  Drone  
  30  2:46  Queen  
  30  2:51  Overlord  
  32  2:53  Drone  
  32  2:56  Drone  
  34  2:59  Drone  
  34  3:02  Drone  
  36  3:10  Drone x2  
  36  3:11  Drone, Overlord  
  38  3:14  Drone  
  38  3:17  Drone  
  40  3:20  Overlord  
  40  3:25  Queen  
  42  3:28  Drone  
  42  3:29  Drone  
  44  3:37  Overlord  
  44  3:40  Pneumatized Carapace  
  44  3:43  Drone x3  
  44  3:46  Zergling x2  
  49  3:48  Zergling x4  
  49  3:51  Spore Crawler  
  49  3:55  Spore Crawler  
  48  3:57  Drone x3  
  48  4:01  Overlord  
  51  4:05  Drone  
  51  4:07  Queen  
  54  4:13  Drone x2  
  54  4:15  Drone  
  57  4:18  Overlord  
  57  4:19  Spore Crawler  
  57  4:20  Drone  
  57  4:23  Drone  
  57  4:24  Drone x2  
  60  4:28  Lair  
  60  4:30  Drone  
  61  4:35  Spore Crawler x2, Extractor  
  61  4:37  Spore Crawler  
  58  4:40  Drone x3  
  58  4:45  Overlord  
  62  4:47  Roach Warren, Drone x2  
  62  4:48  Drone  
  62  4:49  Drone  
  62  4:51  Drone  
  66  4:53  Drone x2  
  66  4:59  Drone x3  
  71  5:00  Extractor  
  71  5:01  Extractor  
  71  5:04  Drone x2  
  71  5:08  Extractor  
  71  5:10  Queen  
  71  5:11  Queen  
  71  5:13  Drone x2  
  76  5:18  Drone x5  
  81  5:26  Overlord  
  81  5:27  Drone x2  
  80  5:33  Drone x2  
  80  5:34  Overlord x2  
  80  5:35  Overlord  
  79  5:39  Extractor x2  
  79  5:40  Overseer  
  77  5:46  Drone x4  
  81  5:52  Overlord  
  81  5:54  Hatchery, Drone x3  
  81  5:55  Evolution Chamber, Drone  
  83  6:02  Overlord  
  83  6:03  Drone  
  84  6:05  Drone  
  84  6:08  Drone x2  
  87  6:13  Infestation Pit  
  87  6:14  Glial Reconstitution  
  87  6:15  Baneling Nest  
  87  6:16  Drone  
  87  6:17  Drone x5  
  91  6:23  Drone x3  
  91  6:30  Infestation Pit, Spire, Hydralisk Den  
  91  6:31  Zerg Missile Weapons Level 1  
  91  6:32  Drone  
  91  6:33  Evolution Chamber, Drone x3  
  91  6:35  Drone  
  94  6:44  Drone x4  
  94  6:45  Drone x2  
  100  6:47  Overlord x2  
  100  6:49  Overlord  
  100  6:52  Extractor  
  99  6:55  Extractor  
  99  7:00  Grooved Spines  
  98  7:02  Zerg Ground Armor Level 1, Hatchery, Lurker Den, Drone  
  98  7:07  Hive  
  97  7:08  Drone x2  
  97  7:09  Drone  
  97  7:11  Hydralisk  
  97  7:12  Hydralisk  
  97  7:14  Hydralisk  
  97  7:15  Hydralisk  
  105  7:22  Hydralisk x3, Drone  
  108  7:27  Hydralisk x3  
  120  7:34  Overlord x2  
  120  7:38  Hydralisk x3  
  120  7:41  Drone x6  
  132  7:49  Spore Crawler  
  132  7:50  Hydralisk x3, Spore Crawler x2  
  134  8:03  Lurker x3  
  134  8:04  Lurker  
  137  8:09  Drone  
  137  8:10  Drone x3  
  137  8:12  Hydralisk x2, Spore Crawler  
  140  8:13  Spore Crawler x2  
  140  8:14  Spore Crawler x2  
  140  8:15  Muscular Augments, Spore Crawler  
  140  8:17  Zergling x10, Extractor x2  
  140  8:19  Overseer  
  142  8:21  Drone x3  
  142  8:24  Overlord  
  142  8:25  Hydralisk  
  142  8:26  Hydralisk  
  149  8:35  Seismic Spines  
  149  8:36  Unknown  
  149  8:43  Overlord x5  
  149  8:46  Infestor x2  
  153  8:51  Overseer  
  153  8:54  Drone x3  
  156  8:57  Hydralisk x3  
  156  9:00  Spore Crawler  
  161  9:03  Spore Crawler  
  161  9:09  Hydralisk x7  
  155  9:12  Spore Crawler  
  155  9:16  Infestor  
  168  9:24  Zerg Missile Weapons Level 2  
  168  9:25  Drone x4  
  168  9:26  Spore Crawler x2  
  170  9:34  Zerg Ground Armor Level 2  
  170  9:37  Lurker  
  171  9:40  Lurker  
  171  9:44  Lurker  
  173  9:48  Infestor  
  175  9:54  Drone x4  
  175  9:55  Drone  
  180  10:01  Spore Crawler x3  
  180  10:02  Spore Crawler x2  
  180  10:05  Lurker x2  
  180  10:06  Lurker x2  
  179  10:08  Hatchery  
  179  10:09  Hydralisk x4  
  187  10:14  Lurker  
  187  10:16  Overlord  
  187  10:17  Overlord x2  
  187  10:22  Overlord  
  187  10:28  Hydralisk  
  189  10:36  Spore Crawler x3, Overlord x2  
  189  10:37  Hydralisk x7, Spore Crawler  
  199  10:47  Overseer x3  
  199  10:54  Adaptive Talons  
  199  10:56  Burrow  
  199  11:06  Zergling x2  
  200  11:32  Overseer  
  198  11:37  Lurker x2  
  194  11:49  Hydralisk x3  
  198  12:01  Infestor x3  
  198  12:10  Infestor  
  193  12:27  Zerg Missile Weapons Level 3, Zerg Ground Armor Level 3, Overseer  
  193  12:28  Spire x2  
  191  12:36  Lurker x5  
  191  12:37  Hydralisk, Lurker x2  
  200  12:50  Spine Crawler  
  200  12:51  Spine Crawler  
  189  13:11  Infestor x4  
  174  13:18  Drone x3  
  177  13:26  Hydralisk x9  
  195  13:38  Extractor x2  
  193  13:41  Zerg Flyer Armor Level 1, Zerg Flyer Weapons Level 1  
  193  13:52  Overseer  
  193  13:53  Overseer  
  193  13:56  Pathogen Glands  
  193  14:01  Hatchery  
  192  14:09  Spore Crawler x2  
  190  14:18  Overseer  
  193  14:29  Lurker  
  193  14:30  Lurker  
  195  14:33  Corruptor x3, Viper x3  
  198  14:45  Lurker x4  
  199  15:04  Overseer x3  
  199  15:06  Hatchery  
  198  15:12  Drone x2  
  194  15:16  Spore Crawler x2, Drone x2  
  194  15:18  Spore Crawler, Corruptor x3  
  194  15:20  Spore Crawler, Overseer  
  198  15:21  Overseer x2  
  198  15:33  Infestor x7  
  198  15:51  Zerg Flyer Weapons Level 2  
  198  15:52  Greater Spire  
  198  15:56  Drone  
  199  15:59  Spore Crawler  
  199  16:01  Drone  
  197  16:09  Spore Crawler  
  190  16:14  Zerg Melee Weapons Level 1, Neural Parasite  
  190  16:17  Drone x3  
  190  16:19  Corruptor x3, Drone x3  
  199  16:37  Spine Crawler  
  199  16:38  Spine Crawler x2  
  196  16:40  Spore Crawler  
  196  16:41  Corruptor x2  
  199  17:05  Zerg Flyer Armor Level 2  
  199  17:14  Corruptor x2  
  198  17:29  Overseer  
  198  17:33  Nydus Network  
  197  17:44  Corruptor  
  199  18:11  Corruptor  
  194  19:00  Viper x2  
  197  19:10  Nydus Canal  
  197  19:16  Overseer  
  197  19:18  Overseer  
  197  19:28  Nydus Canal  
  197  19:43  Viper x3  
  189  20:20  Overlord x2  
  187  20:26  Overlord x2  
  185  20:32  Overlord x2  
  185  20:33  Overlord  
  185  20:35  Corruptor x4  
  187  20:40  Spore Crawler x2  
  188  20:46  Corruptor  
  188  20:52  Nydus Canal  
  188  21:09  Nydus Canal  
  185  21:13  Brood Lord x7  
  193  21:24  Nydus Canal  
  193  21:30  Corruptor x3  
  199  21:34  Spore Crawler x3  
  199  21:35  Spore Crawler x3  
  199  21:39  Nydus Canal  
  193  21:43  Hatchery  
  193  21:45  Unknown x2  
  193  21:46  Zerg Flyer Armor Level 3, Zerg Flyer Weapons Level 3  
  188  22:02  Infestor x2  
  188  22:03  Corruptor x3  
  196  22:18  Overseer  
  196  22:29  Overlord  
  193  22:42  Nydus Canal  
  193  22:45  Hatchery  
  192  22:53  Overseer  
  192  22:57  Corruptor x4  
  200  23:05  Brood Lord, Spore Crawler  
  201  23:14  Hatchery  
  187  23:58  Corruptor x5  
  187  23:59  Corruptor  
  199  24:08  Corruptor x2  
  187  24:17  Viper x2  
  187  24:18  Viper x2  
  176  24:50  Infestor, Drone x2  
  176  24:51  Infestor x5  
  187  25:00  Zergling x2  
  187  25:01  Zerg Melee Weapons Level 2, Zergling x24  
  187  25:02  Adrenal Glands  
  198  25:21  Zergling x14  
  194  25:32  Zergling x2  
  194  25:33  Zergling x18  
  198  25:36  Zergling x4  
  166  26:06  Corruptor x11  
  182  26:11  Infestor  
  182  26:12  Infestor x5  
  194  26:21  Viper x2  
  194  26:24  Overseer  
  200  26:31  Extractor  
  200  26:32  Extractor  
  198  26:50  Spore Crawler  
  198  26:51  Viper  
  200  27:05  Hatchery  
  191  27:13  Hatchery, Zergling x20  
  199  27:19  Nydus Canal  
  197  27:24  Unknown  
  197  27:28  Overseer  
  194  27:35  Zergling x20  
  200  27:41  Brood Lord x2  
  173  28:05  Zergling x4  
  173  28:06  Zergling x20  
  184  28:14  Zergling x14  
  184  28:18  Brood Lord  
  184  28:19  Brood Lord  
  192  28:21  Corruptor x4  
  194  28:38  Brood Lord, Corruptor x2  
  194  28:41  Overseer x2  
Show
View Real Time Build Order
Export as new Build Order

Zest Protoss 

Build Orders: 1 Gate Expand, Oracle Opening, Phoenix Opening, Carriers 

Get SALT Encoding   

  12  0:00  Probe  
  13  0:12  Probe  
  14  0:18  Pylon  
  14  0:24  Probe  
  15  0:32  Probe  
  15  0:38  Gateway  
  15  0:40  Probe  
  16  0:47  Assimilator  
  17  0:51  Probe  
  18  1:03  Probe  
  19  1:15  Probe  
  20  1:24  Nexus  
  20  1:33  Cybernetics Core  
  20  1:36  Probe  
  21  1:42  Assimilator  
  21  1:48  Probe  
  21  1:53  Pylon  
  22  2:01  Probe, Adept  
  23  2:15  Probe, Stargate  
  26  2:24  Warp Gate  
  26  2:27  Probe  
  27  2:30  Adept  
  29  2:38  Probe  
  29  2:39  Probe  
  31  2:46  Probe  
  31  2:50  Phoenix  
  33  2:51  Probe  
  33  2:54  Probe  
  34  3:03  Probe  
  34  3:04  Oracle  
  37  3:06  Probe  
  37  3:08  Pylon  
  38  3:15  Probe  
  38  3:18  Probe  
  43  3:24  Assimilator  
  43  3:25  Assimilator  
  43  3:27  Probe  
  43  3:30  Probe  
  43  3:31  Oracle  
  45  3:39  Probe  
  45  3:40  Gateway  
  46  3:42  Probe  
  50  3:51  Probe  
  50  3:54  Probe  
  52  3:58  Pylon  
  52  4:04  Probe  
  52  4:06  Probe, Oracle  
  54  4:16  Probe  
  58  4:18  Nexus  
  58  4:21  Probe  
  59  4:28  Probe  
  60  4:31  Pylon  
  60  4:33  Probe  
  61  4:40  Probe  
  62  4:46  Stargate  
  62  4:47  Stargate  
  62  4:49  Probe, Pylon  
  63  4:53  Probe  
  63  4:57  Probe, Fleet Beacon  
  64  5:05  Probe x2  
  64  5:06  Pylon  
  66  5:13  Assimilator  
  67  5:16  Probe  
  67  5:17  Probe  
  67  5:18  Assimilator  
  69  5:28  Probe  
  67  5:29  Probe x2  
  67  5:32  Protoss Air Weapons Level 1  
  69  5:37  Probe x2  
  69  5:42  Probe  
  69  5:45  Probe x2  
  69  5:46  Carrier  
  69  5:47  Carrier  
  83  5:53  Carrier  
  83  5:54  Probe  
  84  5:57  Probe  
  84  5:59  Probe  
  84  6:01  Pylon  
  92  6:32  Robotics Facility, Twilight Council, Forge  
  92  6:39  Pylon  
  92  6:40  Probe, Pylon  
  92  6:41  Probe x2  
  95  6:49  Unknown  
  95  6:50  Void Ray  
  95  6:51  Void Ray  
  95  6:53  Probe  
  104  6:54  Protoss Ground Weapons Level 1  
  104  6:57  Void Ray  
  104  6:59  Charge  
  104  7:00  Gateway  
  104  7:01  Gateway  
  108  7:02  Gateway x2  
  108  7:08  Gateway  
  108  7:09  Gateway  
  108  7:16  Templar Archives  
  108  7:20  Warp Prism  
  110  7:27  Gateway  
  110  7:28  Pylon, Gateway  
  110  7:42  Gateway  
  110  7:43  Gateway  
  110  7:46  Void Ray  
  110  7:47  Void Ray  
  110  7:50  Void Ray  
  122  8:02  Pylon  
  122  8:03  Pylon  
  122  8:07  Nexus  
  122  8:17  Pylon  
  122  8:21  Pylon  
  122  8:26  High Templar x4  
  130  8:27  Zealot x5, Sentry  
  130  8:31  Pylon  
  142  8:35  Archon  
  142  8:36  Archon  
  142  8:41  Observer  
  143  8:47  Pylon  
  143  8:49  Pylon  
  143  8:50  Zealot x3, Photon Cannon, High Templar x2  
  143  8:51  Zealot x2  
  143  8:54  Archon, Protoss Ground Weapons Level 2  
  143  8:55  Zealot  
  159  9:00  Zealot x3  
  163  9:15  Probe x3  
  162  9:20  Observer  
  162  9:22  Psionic Storm  
  163  9:27  Probe  
  163  9:28  Assimilator, Probe x2  
  166  9:32  Assimilator  
  166  9:34  Probe  
  167  9:38  Zealot x4  
  167  9:39  Probe  
  167  9:40  Probe  
  177  9:47  Dark Shrine  
  177  9:49  Pylon  
  177  10:00  Observer, High Templar x2  
  177  10:01  High Templar x2  
  185  10:14  Nexus  
  185  10:16  Pylon  
  185  10:42  High Templar, Carrier  
  187  10:43  High Templar  
  189  10:55  Gateway  
  195  10:58  Gateway  
  195  10:59  Protoss Air Weapons Level 2  
  195  11:00  Gateway  
  195  11:02  Gateway  
  195  11:03  Observer, Gateway  
  196  11:06  Gateway  
  196  11:21  Protoss Shields Level 1  
  196  11:26  Cybernetics Core  
  188  11:50  High Templar x2  
  192  12:00  Archon  
  187  12:02  Dark Templar  
  189  12:12  Carrier x3  
  183  12:20  Shadow Stride  
  191  12:24  Stargate  
  191  12:25  Stargate  
  191  12:27  Stargate  
  191  12:28  Dark Templar  
  181  12:59  Pylon  
  181  13:16  Zealot x7  
  181  13:17  Zealot x2  
  192  13:29  Protoss Shields Level 2  
  192  13:34  Photon Cannon  
  192  13:35  Photon Cannon  
  192  13:37  Photon Cannon  
  192  13:38  Photon Cannon  
  192  13:40  Photon Cannon  
  192  13:42  Photon Cannon  
  192  13:44  Shield Battery  
  192  13:45  High Templar x4  
  192  13:48  Protoss Air Armor Level 1, Pylon  
  200  13:49  Protoss Air Weapons Level 3  
  200  13:50  Observer  
  200  13:54  Assimilator  
  200  14:06  Nexus  
  200  14:07  Pylon  
  200  14:16  Dark Templar x3  
  200  14:17  Dark Templar  
  200  14:18  Assimilator  
  200  14:22  Observer  
  198  14:52  Photon Cannon  
  196  14:54  Photon Cannon  
  196  14:55  Dark Templar  
  174  15:51  Oracle x2  
  177  16:05  Observer  
  177  16:15  Observer  
  176  16:19  Robotics Facility  
  176  16:22  Robotics Bay  
  176  16:39  Protoss Shields Level 3  
  176  16:47  Nexus  
  176  16:49  Pylon  
  176  16:51  Forge  
  176  16:53  Observer  
  177  16:56  Protoss Air Armor Level 2  
  177  16:58  Gravitic Boosters  
  177  17:00  Dark Templar x2  
  181  17:07  Tempest x4, Observer  
  191  17:37  Photon Cannon  
  191  17:39  Photon Cannon  
  191  17:41  Photon Cannon  
  191  17:45  Assimilator  
  191  17:47  Assimilator  
  191  17:55  Gravitic Drive  
  191  18:00  Nexus  
  191  18:01  Pylon  
  188  18:12  Oracle  
  197  18:23  Dark Templar  
  195  18:32  Gateway  
  195  18:33  Gateway  
  193  18:34  Gateway x2  
  193  18:48  Dark Templar  
  182  19:00  Warp Prism  
  182  19:05  High Templar x3  
  182  19:06  High Templar  
  190  19:20  Extended Thermal Lance  
  190  19:23  Protoss Air Armor Level 3  
  165  19:58  Stargate  
  157  20:00  Stargate  
  157  20:03  Stargate  
  175  20:08  Stargate  
  159  20:39  Observer x2  
  161  20:52  High Templar x4  
  161  20:56  Archon  
  161  21:03  Zealot x3  
  167  21:09  Twilight Council  
  167  21:11  Zealot x3  
  167  21:13  Void Ray x2  
  173  21:18  Warp Prism  
  173  21:21  Void Ray  
  173  21:22  Fleet Beacon  
  177  21:29  High Templar  
  177  21:30  High Templar x3  
  187  21:36  Zealot  
  189  21:41  Pylon  
  189  21:42  Zealot x7  
  197  21:48  Carrier x2  
  197  21:59  Archon  
  187  22:15  Zealot x12  
  193  22:36  Carrier x3  
  193  22:38  Dark Shrine  
  183  22:50  Carrier  
  193  22:53  Carrier  
  197  23:22  Mothership  
  191  23:30  Pylon  
  162  24:10  Void Ray x5  
  162  24:11  Void Ray  
  180  24:17  High Templar x4  
  186  24:26  Zealot x7  
  200  24:36  Forge  
  172  24:49  Shield Battery  
  172  24:50  Shield Battery  
  172  24:51  Zealot x16  
  192  25:03  Tempest x3  
  192  25:06  Pylon  
  180  25:35  Stalker  
  180  25:36  Stalker x9  
  200  25:48  Archon  
  200  25:49  Blink  
  190  25:55  Void Ray  
  190  25:56  Void Ray  
  180  26:00  Void Ray x3  
  184  26:09  Observer x2  
  184  26:11  High Templar x3  
  174  26:12  Zealot x5, High Templar  
  174  26:13  Zealot x5  
  200  26:18  Shield Battery  
  200  26:20  Shield Battery  
  200  26:21  Shield Battery x2  
  200  26:25  Nexus  
  197  26:34  Zealot x3  
  197  26:53  Nexus  
  197  27:07  Shield Battery  
  189  27:11  Dark Templar  
  189  27:13  Zealot x4  
  199  27:25  Pylon  
  181  27:43  Dark Templar  
  177  27:49  Zealot x10  
  135  28:43  Zealot x9  
Tags
 
Add a new tag
Caveats
  • Supply blocks, unpowered buildings, or Contaminate may cause inaccurate times.
  • Supply counts are checked every 10 seconds.